Map: 2000 Atmospheres LE

Players

PtitDrogo

  • Race: Protoss Protoss

Clem - Winner!

  • Race: Terran Terran

Event: DreamHack SC2 Masters 2021 Fall

VOD

Have the link to the VOD?

Description

Time

  • Played on: Aug. 12, 2021, 12:46 p.m.
  • Length: 12:22

All games in this series

Show
View Real Time Build Order
Export as new Build Order

PtitDrogo Protoss 

Build Orders: 1 Gate Expand, Blink Stalkers, Zealot Archon 

Get SALT Encoding   

  12  0:00  Probe  
  13  0:12  Probe  
  14  0:17  Pylon  
  14  0:24  Probe (Chrono Boost)  
  15  0:36  Gateway, Probe (Chrono Boost)  
  16  0:44  Probe (Chrono Boost)  
  16  0:46  Assimilator  
  17  0:51  Probe  
  18  1:03  Probe  
  19  1:15  Probe  
  20  1:23  Cybernetics Core  
  20  1:33  Nexus  
  20  1:38  Pylon  
  20  1:41  Probe  
  20  1:46  Assimilator  
  21  1:53  Probe  
  21  1:57  Stalker (Chrono Boost)  
  23  2:05  Probe  
  23  2:07  Warp Gate  
  24  2:17  Adept (Chrono Boost), Probe  
  28  2:30  Probe  
  28  2:34  Twilight Council  
  28  2:41  Gateway  
  29  2:44  Probe (Chrono Boost)  
  29  2:46  Probe (Chrono Boost)  
  30  2:58  Probe x2 (Chrono Boost)  
  32  3:09  Blink (Chrono Boost), Stalker, Probe  
  32  3:10  Probe  
  36  3:21  Probe  
  36  3:22  Probe  
  38  3:33  Robotics Facility, Probe  
  39  3:34  Probe  
  39  3:36  Pylon  
  40  3:43  Pylon  
  40  3:45  Probe  
  40  3:46  Probe  
  42  3:51  Shield Battery  
  42  3:57  Probe  
  42  3:58  Probe  
  42  3:59  Stalker  
  42  4:00  Stalker  
  48  4:09  Probe  
  49  4:10  Probe  
  50  4:20  Nexus  
  50  4:22  Probe x2  
  52  4:33  Pylon  
  52  4:34  Probe  
  52  4:35  Probe  
  52  4:38  Stalker x2  
  56  4:46  Probe  
  56  4:47  Assimilator x2, Observer, Probe  
  59  4:53  Pylon  
  59  4:58  Probe  
  59  4:59  Probe  
  61  5:00  Gateway x2  
  61  5:01  Charge  
  61  5:08  Observer  
  61  5:10  Probe (Chrono Boost)  
  61  5:11  Probe (Chrono Boost)  
  64  5:16  Sentry  
  64  5:19  Gateway  
  64  5:20  Gateway  
  66  5:22  Probe (Chrono Boost)  
  66  5:23  Probe (Chrono Boost)  
  68  5:29  Probe x2 (Chrono Boost)  
  68  5:30  Observer  
  71  5:35  Probe  
  71  5:36  Probe  
  71  5:38  Probe  
  71  5:39  Shield Battery  
  74  5:43  Templar Archives  
  74  5:44  Gateway  
  74  5:45  Gateway  
  74  5:47  Probe  
  72  5:58  Probe  
  72  6:01  Pylon  
  72  6:02  Pylon  
  73  6:14  Stalker x2  
  73  6:15  Zealot x4  
  73  6:17  Pylon  
  73  6:18  Pylon, Immortal (Chrono Boost)  
  85  6:25  Gateway  
  89  6:28  Gateway  
  89  6:35  High Templar  
  89  6:36  High Templar, Zealot x2  
  89  6:38  Zealot  
  99  6:42  Archon  
  99  6:47  High Templar  
  99  6:48  Zealot x2  
  105  6:58  Zealot x3  
  101  7:10  Zealot x4  
  101  7:17  Warp Prism (Chrono Boost)  
  101  7:18  Probe  
  101  7:20  High Templar  
  101  7:22  Zealot x3  
  106  7:23  Stalker x2  
  106  7:25  Archon  
  110  7:36  Zealot x4  
  100  7:49  Stalker x5  
  100  7:51  Probe  
  107  7:52  Probe  
  105  8:01  Zealot x5  
  115  8:11  Pylon  
  115  8:14  Pylon x2  
  115  8:15  Warp Prism  
  105  8:27  Stalker x2  
  105  8:28  Stalker x2  
  73  8:43  Zealot x4  
  77  8:51  High Templar x2  
  77  8:52  Zealot  
  81  8:57  Probe x3  
  81  9:00  Archon  
  83  9:05  Sentry  
  83  9:09  High Templar  
  87  9:10  High Templar  
  87  9:15  Archon  
  87  9:17  Zealot x3  
  91  9:18  Immortal (Chrono Boost)  
  99  9:24  Probe  
  99  9:30  Zealot x3  
  99  9:31  Psionic Storm  
  106  9:33  Zealot  
  108  9:40  High Templar  
  108  9:41  High Templar  
  108  9:45  Assimilator, Probe x3  
  115  9:46  Assimilator  
  105  10:10  High Templar  
  97  10:14  Probe  
  97  10:16  Probe x2  
  97  10:17  Zealot x6  
  97  10:18  Zealot  
  114  10:23  Warp Prism (Chrono Boost)  
  112  10:39  High Templar  
  112  10:40  High Templar, Zealot x4  
  124  10:52  Pylon  
  124  10:56  Pylon  
  124  10:58  Zealot x2  
  124  10:59  Zealot x2  
  112  11:23  Archon  
  112  11:24  Archon  
  102  11:28  Zealot x10  
  90  11:49  Zealot x7  
  96  11:58  Zealot x2  
  90  12:04  Zealot  
  79  12:08  Probe  
Show
View Real Time Build Order
Export as new Build Order

Clem Terran - Winner!

Build Orders:  

Get SALT Encoding   

  12  0:00  SCV  
  13  0:12  SCV  
  14  0:16  Supply Depot  
  14  0:24  SCV  
  15  0:38  SCV  
  15  0:40  Barracks  
  16  0:43  Refinery  
  16  0:50  SCV  
  17  1:02  SCV  
  18  1:14  SCV  
  19  1:27  Orbital Command  
  19  1:28  Marine  
  20  1:47  Barracks Reactor  
  20  1:51  Command Center  
  20  1:53  SCV  
  21  1:59  Supply Depot  
  21  2:06  SCV  
  22  2:10  Factory  
  22  2:18  SCV  
  23  2:23  Marine x2  
  23  2:26  Refinery  
  23  2:28  Bunker  
  25  2:31  SCV  
  26  2:41  Marine x2  
  26  2:43  SCV  
  29  2:57  SCV  
  29  2:59  Widow Mine, Starport  
  29  3:02  Marine x2  
  33  3:09  Orbital Command  
  33  3:13  SCV  
  34  3:20  Widow Mine  
  34  3:22  Marine x2  
  34  3:25  SCV  
  39  3:35  SCV  
  39  3:36  Medivac  
  39  3:37  SCV  
  39  3:38  Supply Depot  
  43  3:42  Factory Tech Lab  
  43  3:46  Barracks  
  43  3:48  Marine  
  44  3:50  SCV  
  44  3:51  SCV  
  46  3:58  Supply Depot  
  46  4:00  Marine  
  46  4:02  SCV  
  48  4:03  SCV  
  49  4:11  Marine  
  49  4:12  Factory Tech Lab  
  49  4:14  SCV  
  49  4:15  Supply Depot  
  50  4:17  Marine, Raven  
  50  4:20  SCV  
  53  4:28  SCV  
  53  4:29  Marine  
  55  4:33  SCV  
  55  4:35  Marine  
  55  4:38  Barracks  
  57  4:41  SCV  
  57  4:42  Factory Reactor  
  57  4:45  SCV  
  59  4:47  Marine  
  59  4:48  Engineering Bay  
  59  4:50  Refinery  
  59  4:52  Marine, Stimpack  
  61  4:53  Marine, SCV  
  61  4:56  Supply Depot  
  64  5:00  SCV  
  64  5:05  SCV  
  65  5:10  Marauder  
  65  5:12  Marine x2, SCV, Starport Reactor  
  70  5:15  Supply Depot  
  70  5:18  SCV, Terran Infantry Weapons Level 1  
  70  5:20  Supply Depot  
  71  5:25  SCV  
  71  5:27  Refinery  
  71  5:28  Widow Mine x2  
  76  5:30  SCV  
  76  5:33  Marine, Combat Shield  
  78  5:36  Marine  
  78  5:37  Marauder  
  78  5:41  Supply Depot  
  78  5:42  Marauder  
  83  5:51  Marine, Widow Mine x2  
  83  5:54  Marine  
  83  5:56  Medivac  
  91  6:00  Supply Depot, Medivac  
  91  6:03  Marauder  
  95  6:06  Marauder  
  95  6:08  Marine  
  98  6:12  Marine, Supply Depot  
  98  6:15  Widow Mine x2  
  101  6:20  Command Center  
  101  6:24  Supply Depot  
  101  6:25  Marauder  
  103  6:28  Marine  
  103  6:29  Medivac  
  106  6:33  Medivac  
  106  6:34  Marine  
  106  6:37  Marauder  
  111  6:44  Supply Depot  
  111  6:45  Widow Mine  
  111  6:46  Marine, Widow Mine  
  116  6:50  Marauder  
  116  6:52  Marine  
  119  6:58  Marauder  
  117  7:03  SCV  
  117  7:05  Barracks x2  
  117  7:06  SCV  
  117  7:07  Widow Mine  
  117  7:10  Widow Mine  
  117  7:13  Marine  
  117  7:14  Marauder  
  115  7:17  Medivac  
  115  7:18  SCV  
  115  7:21  Medivac  
  116  7:28  Marine  
  116  7:29  Supply Depot  
  115  7:30  Marauder  
  115  7:33  SCV  
  115  7:34  SCV  
  115  7:35  Marine  
  116  7:39  Marauder  
  112  7:44  Widow Mine  
  112  7:45  SCV  
  112  7:46  Widow Mine  
  112  7:49  SCV  
  112  7:54  Marine x2, Barracks Reactor  
  112  7:55  Barracks Tech Lab  
  112  7:57  SCV  
  109  8:00  Orbital Command  
  109  8:02  Concussive Shells  
  109  8:06  Marauder  
  109  8:08  Widow Mine  
  109  8:09  SCV  
  109  8:10  Marine  
  115  8:16  Marine x2  
  115  8:18  Marauder  
  115  8:19  SCV  
  115  8:22  Medivac  
  115  8:24  Widow Mine  
  107  8:27  Marauder  
  107  8:28  Medivac, Marauder  
  107  8:31  Marine x2  
  104  8:36  SCV  
  104  8:39  Marine x2, Marauder  
  104  8:41  SCV  
  93  8:45  SCV  
  92  8:49  SCV, Marauder  
  92  8:51  Marauder  
  92  8:53  Marine x2  
  99  8:56  Widow Mine  
  99  8:58  Widow Mine  
  99  9:00  SCV  
  99  9:01  Marine  
  99  9:02  Marine  
  106  9:06  Marauder  
  106  9:08  SCV  
  106  9:09  SCV  
  110  9:12  Marine x3, SCV  
  110  9:16  Medivac x2  
  118  9:20  Widow Mine  
  118  9:21  Widow Mine  
  118  9:22  SCV  
  123  9:24  SCV  
  123  9:29  Marine x2  
  123  9:30  Marauder  
  128  9:32  Ghost Academy  
  128  9:34  Marauder  
  128  9:35  SCV  
  128  9:37  Marauder  
  128  9:38  Marine x2  
  135  9:44  Widow Mine  
  135  9:45  Widow Mine, Missile Turret  
  138  9:48  Marine  
  138  9:51  Marine  
  138  9:52  Marauder  
  142  9:56  Marauder  
  142  9:58  Marine x2, Marauder  
  148  10:06  Widow Mine  
  143  10:07  Marine, Widow Mine  
  143  10:13  Marauder  
  149  10:15  Command Center  
  149  10:17  Marauder  
  149  10:19  Marauder  
  149  10:20  Refinery  
  149  10:21  Armory, Engineering Bay  
  152  10:27  Marine, Widow Mine  
  155  10:29  Widow Mine  
  157  10:36  Supply Depot  
  157  10:37  Supply Depot, Medivac x2, Marauder  
  157  10:41  Marine x2  
  165  10:46  Marine  
  165  10:47  Marauder  
  165  10:49  Ghost  
  164  10:51  Marine  
  164  10:56  Supply Depot  
  165  10:58  Supply Depot, Widow Mine  
  165  11:01  Supply Depot, SCV  
  165  11:02  SCV  
  167  11:04  Marauder  
  167  11:10  Medivac x2  
  167  11:13  Marine  
  167  11:14  Marine  
  167  11:15  Widow Mine  
  167  11:18  SCV x2  
  163  11:22  Widow Mine  
  163  11:23  Marine  
  163  11:24  Marine, Ghost  
  159  11:29  Ghost  
  159  11:31  Ghost  
  143  11:40  Marine x2  
  143  11:41  Widow Mine  
  143  11:42  Marine x2  
  146  11:56  Widow Mine  
  146  11:58  Marauder  
  138  12:08  SCV  

Tags
 
Add a new tag
Caveats
  • Supply blocks, unpowered buildings, or Contaminate may cause inaccurate times.
  • Supply counts are checked every 10 seconds.